 Dungeon Crawl Stone Soup version 0.28.0-45-g0d030f2227 (webtiles) character file.

Game seed: 3096154406629292746

55 protoss039 the Digger (level 3, 27/27 HPs)
             Began as a Demonspawn Earth Elementalist on May 28, 2022.
             Got out of the dungeon alive.
             The game lasted 00:02:00 (858 turns).

protoss039 the Digger (DsEE)                         Turns: 858, Time: 00:02:00

Health: 27/27      AC:  2    Str:  8    XL:     3   Next: 67%
Magic:  6/6        EV: 12    Int: 18    God:
Gold:   34         SH:  0    Dex: 13    Spells: 3/6 levels left

rFire   . . .      SeeInvis .   d - +0 dagger
rCold   . . .      Faith    .   (no shield)
rNeg    . . .      Spirit   .   b - +0 robe
rPois   .          Reflect  .   (helmet restricted)
rElec   .          Harm     .   (no cloak)
rCorr   .          Rampage  .   (no gloves)
Will    .....                   (no boots)
Stlth   ++........              (no amulet)
HPRegen 0.09/turn               (no ring)
MPRegen 0.10/turn               (no ring)

@: no status effects
A: antennae 1, powered by death 1
a: no special abilities


You escaped.
You visited 1 branch of the dungeon, and saw 2 of its levels.

You collected 34 gold pieces.

Inventory:

Hand Weapons
 d - a +0 dagger (weapon)
Missiles
 c - 53 stones
Armour
 b - a +0 robe (worn)
Scrolls
 a - 5 scrolls of identify {unknown}
 e - 3 scrolls of immolation {unknown}
 f - a scroll of blinking {unknown}
Potions
 g - a potion of might {unknown}


   Skills:
 * Level 1.9 Fighting
 + Level 1.2 Armour
 - Level 1.7 Dodging
 - Level 1.7 Stealth
 + Level 2.4 Spellcasting
 - Level 1.0 Transmutations
 + Level 3.0 Earth Magic


You had 3 spell levels left.
You knew the following spells:

 Your Spells              Type           Power      Damage    Failure   Level
a - Sandblast             Erth           26%        2d8       4%          1
b - Passwall              Tmut/Erth      7%         N/A       12%         2

Your spell library contained the following spells:

 Spells                   Type           Power      Damage    Failure   Level
 Blink                    Tloc           4%         N/A       26%         2
 Stone Arrow              Conj/Erth      14%        3d7       28%         3
 Lesser Beckoning         Tloc           2%         N/A       45%         3
 Petrify                  Tmut/Erth      9%         N/A       58%         4
 Manifold Assault         Tloc           2%         N/A       99%         5


Dungeon Overview and Level Annotations

Branches:
Dungeon (2/15)

Altars:

Shops:
D:1 :


Innate Abilities, Weirdness & Mutations

You have a pair of small antennae on your head.
You regenerate a little health from kills.


Message History

Press: ? - help, Shift-Dir - straight line, f - you That would be overly suicidal.
Okay, then.
You start resting.
Jessica is nearby!
Casting: Sandblast (safe; 5% risk of failure)
Confirm with . or Enter, or press ? or * to list all spells.
Aiming: Sandblast (safe; 5% risk of failure)
Press: ? - help, Shift-Dir - straight line, f - Jessica
Aim: Jessica, wielding a +0 dagger and wearing a +0 robe (lightly wounded, 79% to hit)
The blast of sand hits Jessica.
Jessica is severely wounded.
Jessica says, "Why did you come here?" Jessica hits you but does no damage.
Unknown command.
Casting: Sandblast (safe; 5% risk of failure)
Confirm with . or Enter, or press ? or * to list all spells.
Aiming: Sandblast (safe; 5% risk of failure)
Press: ? - help, Shift-Dir - straight line, f/p - Jessica
Aim: Jessica, wielding a +0 dagger and wearing a +0 robe (severely wounded, 79% to hit)
The blast of sand hits Jessica!
You kill Jessica!
Your Armour skill increases to level 1!
Your Earth Magic skill increases to level 3!
Unknown command.
g - a red potion
Things that are here:
a +0 dagger; a +0 robe; the human corpse of Jessica Unknown command.
There is a stone staircase leading up here.
You climb upwards.
There is a stone staircase leading down here.
Magic restored.
There is an open door here.
There is a stone staircase leading down here.
There is an entrance to Igyec's Book Shop here.
There is an open door here.
There is a staircase leading out of the dungeon here.
Are you sure you want to leave the Dungeon?
This will make you lose the game!
You have escaped!

##.........#.#
###......
#.#########.#
####### #∩# #.#
#.# #.# #.#
#'#### #.#
#######.#8.# #
#.# #..........#
#
#.###8..8(.8...#
#
#...'.........@#
#
#####8..8..8...#
# #..........#
####
#######.#8.#
#... ###### #...
#... #... #...
#...


There were no monsters in sight!

Vanquished Creatures
  Jessica (D:2)
  A gnoll (D:1)
  3 ball pythons (D:1)
  A bat (D:2)
  4 endoplasms (D:1)
  A giant cockroach (D:1)
  2 goblins (D:1)
  A hobgoblin (D:1)
  A quokka (D:2)
  A frilled lizard (D:1)
  A kobold (D:1)
  2 rats (D:2)
19 creatures vanquished.

Notes
Turn   | Place    | Note
-------+----------+-------------------------------------------
     0 | D:1      | protoss039 the Demonspawn Earth Elementalist began the
                  | quest for the Orb.
     0 | D:1      | Reached XP level 1. HP: 13/13 MP: 3/3
    14 | D:1      | Found Igyec's Book Shop.
    44 | D:1      | Reached skill level 1 in Transmutations
   305 | D:1      | Gained mutation: You regenerate a little health from kills.
                  | [demonic ancestry]
   305 | D:1      | Reached XP level 2. HP: 14/20 MP: 1/5
   503 | D:1      | Reached skill level 1 in Fighting
   680 | D:1      | Learned a level 2 spell: Passwall
   750 | D:2      | Noticed Jessica
   761 | D:2      | Gained mutation: You have a pair of small antennae on your
                  | head. [demonic ancestry]
   761 | D:2      | Reached XP level 3. HP: 25/26 MP: 3/6
   767 | D:2      | Killed Jessica
   768 | D:2      | Reached skill level 1 in Armour
   768 | D:2      | Reached skill level 3 in Earth Magic
   858 | D:$      | Got out of the dungeon alive.

Illustrated notes

Levels and vault maps discovered:
D:1:      elethiomel_arrival_quiet, layout_basic, serial_shops, shop,
          moated_statue
D:2:      layout_basic, basic_altar, minmay_heptomino_o4, uniq_jessica

Skill      XL: |  1  2  3 |
---------------+----------+-----
Transmutations | 1 |  1.0
Fighting       | 1 |  1.9
Armour         | 1 |  1.2
Earth Magic    | 3 |  3.0
Dodging        | |  1.7
Stealth        | |  1.7
Spellcasting   | |  2.4

Action                   || total
-------------------------++-------
Melee: Unarmed           ||    10
       Dagger            ||    34
       Punch             ||     1
 Cast: Sandblast         ||    12
 Stab: Sleeping          ||     6
Armor: Robe              ||    10
Dodge: Dodged            ||    23
